 Dungeon Crawl Stone Soup version 0.23-a0-359-g9beedce (webtiles) character file.

250 Cryolive the Digger (level 6, -12/33 HPs)
             Began as a Gargoyle Earth Elementalist on Oct 23, 2018.
             Mangled by an ogre
             ... wielding a +0 giant spiked club
              (29 damage)
             ... on level 4 of the Dungeon.
             The game lasted 00:07:58 (2076 turns).

Cryolive the Digger (Gargoyle Earth Elementalist)   Turns: 2076, Time: 00:07:58

Health: -12/33     AC:  8    Str: 11    XL:     6   Next: 13%
Magic:  9/12       EV: 12    Int: 18    God:
Gold:   84         SH:  0    Dex: 10    Spells: 4/13 levels left

rFire    . . .     SeeInvis .   i - +0 mace (curse)
rCold    . . .     Gourm    .   (no shield)
rNeg     + . .     Faith    .   c - +0 robe
rPois    ∞         Spirit   .   h - +0 helmet
rElec    +         Reflect  .   p - +0 cloak
rCorr    .         Harm     .   (no gloves)
MR       .....                  (no boots)
Stlth    ++........             (no amulet)
HPRegen  0.11/turn              (no ring)
MPRegen  0.13/turn              (no ring)

@: no status effects
A: negative energy resistance 1, electricity resistance, unbreathing,
petrification resistance, rot immunity, AC +4
a: no special abilities


You were on level 4 of the Dungeon.
You were very hungry.

You visited 1 branch of the dungeon, and saw 4 of its levels.

You collected 84 gold pieces.

Inventory:

Hand Weapons
 e - a +0 whip
 i - a cursed +0 mace (weapon)
 r - a +1 whip of draining
Missiles
 b - 54 stones (quivered)
Armour
 c - a +0 robe (worn)
 h - a +0 helmet (worn)
 p - a +0 cloak (worn)
Wands
 s - a wand of digging (8)
Scrolls
 a - 3 scrolls of identify {unknown}
 g - 2 scrolls of enchant armour {unknown}
 j - 2 scrolls of teleportation {unknown}
 l - 2 scrolls of enchant weapon {unknown}
 n - 2 scrolls of remove curse {unknown}
 u - a scroll of immolation {unknown}
Potions
 f - 3 potions of curing {unknown}
 k - a potion of flight {unknown}
 m - a potion of degeneration {unknown}
 o - 2 potions of lignification {unknown}
 q - a potion of magic {unknown}
 t - 2 potions of ambrosia {unknown}
Comestibles
 d - 2 rations


   Skills:
 + Level 0.4 Fighting
 + Level 0.2 Maces & Flails
 + Level 1.7 Dodging
 - Level 2.1 Stealth
 + Level 0.1 Unarmed Combat
 + Level 4.1 Spellcasting
 + Level 0.1 Conjurations
   Level 0.7 Transmutations
 + Level 6.0 Earth Magic
 + Level 0.2 Evocations


You had 4 spell levels left.
You knew the following spells:

 Your Spells              Type           Power        Failure   Level  Hunger
a - Sandblast             Erth           ####..       1%          1    None
b - Stone Arrow           Conj/Erth      ##....       12%         3    ###....
c - Lee's Rapid Deconstr  Erth           ####......   32%         5    ######.

Your spell library contained the following spells:

 Spells                   Type           Power        Failure   Level  Hunger
 Passwall                 Tmut/Erth      ###.....     5%          2    ##.....
 Magic Dart               Conj           #...         14%         1    None
 Searing Ray              Conj           #.....       21%         2    ##.....
 Petrify                  Tmut/Erth      ###.....     34%         4    ####...
 Dazzling Spray           Conj/Hex       #.....       38%         3    ###....
 Force Lance              Conj/Tloc      #.......     80%         4    ####...
 Fulminant Prism          Conj/Hex       #.........   80%         4    ####...
 Iskenderun's Mystic Bla  Conj           #.......     80%         4    ####...


Dungeon Overview and Level Annotations

Branches:
Dungeon (4/15)
 Temple: D:4-7

Altars:

Annotations:
D:3 Grinder, Sigmund


Innate Abilities, Weirdness & Mutations

You are resistant to torment.
Your stone body is resilient. (AC +4)
You are immune to poison.
You resist negative energy. (rN+)
You are resistant to electric shocks. (rElec)
You can survive without breathing.
You are immune to petrification.
You are immune to rotting.


Message History

Castin': Sandblast (safe; 1% risk o' failure) Confirm wit' . or Enter, or press ? or * ta list all spells.
Aimin': Sandblast (safe; 1% risk o' failure)
Press: ? - help, Shift-Dir - straight line, f/p - ogre
Aim: an ogre, wieldin' a +0 giant spiked club (lightly wounded) Tha blast o' sand hits tha ogre.
Tha ogre be moderately wounded.
b - 55 stones Tha ogre hits ye wit' a +0 giant spiked club!
Castin': Sandblast (safe; 1% risk o' failure) Confirm wit' . or Enter, or press ? or * ta list all spells.
Aimin': Sandblast (safe; 1% risk o' failure)
Press: ? - help, Shift-Dir - straight line, f/p - ogre
Aim: an ogre, wieldin' a +0 giant spiked club (moderately wounded) Tha blast o' sand hits tha ogre.
Tha ogre be almost dead.
b - 54 stones Tha ogre hits ye wit' a +0 giant spiked club!!
Ouch! Tha re'lly hurt!
Ye die...

#.# #.# #.# #.#
#.# #.# #O# #@#
#.# #######
###.####........<
#..........# #..#
#.###......###..#
#.# #.....>.....##
#.###......#.....
#..........# #.#
########.#.####.##
#


You could see an ogre.

Vanquished Creatures
  A centaur (D:2)
  A centaur skeleton (D:4)
  Jessica (D:2)
  A worker ant zombie (D:2)
  Robin (D:2)
  3 adders (D:2)
  3 worms (D:2)
  An orc (D:3)
  2 giant cockroaches (D:2)
  14 goblins
  9 hobgoblins
  2 jackals (D:1)
  8 kobolds
  A ball python (D:1)
  4 bats
  7 frilled lizards
  8 rats
67 creatures vanquished.

Notes
Turn   | Place    | Note
-------+----------+-------------------------------------------
     0 | D:1      | Cryolive the Gargoyle Earth Elementalist began the quest
                  | for the Orb.
     0 | D:1      | Reached XP level 1. HP: 10/10 MP: 3/3
   212 | D:1      | Reached skill level 4 in Earth Magic
   212 | D:1      | Reached XP level 2. HP: 14/15 MP: 3/5
   873 | D:2      | Noticed Jessica
   880 | D:2      | Killed Jessica
   880 | D:2      | Reached XP level 3. HP: 18/19 MP: 7/7
  1057 | D:2      | Reached XP level 4. HP: 8/24 MP: 8/8
  1114 | D:2      | Reached skill level 5 in Earth Magic
  1521 | D:2      | Learned a level 3 spell: Stone Arrow
  1572 | D:2      | Identified the +1 helmet of the Seven Lies {+Blink Regen+
                  | Dex-5}
  1572 | D:2      | Noticed Robin
  1576 | D:2      | Noticed a centaur
  1648 | D:2      | Killed Robin
  1648 | D:2      | Reached XP level 5. HP: 15/28 MP: 6/10
  1732 | D:2      | Killed a centaur
  1732 | D:2      | Reached skill level 6 in Earth Magic
  1741 | D:2      | Learned a level 5 spell: Lee's Rapid Deconstruction
  1997 | D:3      | Noticed Grinder
  1997 | D:3      | Noticed Sigmund
  2006 | D:4      | Reached XP level 6. HP: 23/32 MP: 12/12
  2076 | D:4      | Mangled by an ogre

Vault maps used:
D:1:      sevenhm_arrival_forest_fort_large_2, minmay_misc_feat_chi
D:2:      uniq_jessica, uniq_robin
D:3:      nrook_loot_triangle, hangedman_glass_teeth, uniq_grinder, uniq_ijyb,
          uniq_sigmund
D:4:      first_ration, ebering_ghost_sewer_f, uniq_pikel

Skill      XL: |  1  2  3  4  5 |
---------------+----------------+-----
Earth Magic    | 4 5 6 |  6.0
Spellcasting   | 3 4 |  4.1
Fighting       | |  0.4
Maces & Flails | |  0.2
Dodging        | |  1.7
Stealth        | |  2.1
Unarmed Combat | |  0.1
Conjurations   | |  0.1
Transmutations | |  0.7
Evocations     | |  0.2

Action                   |  1- 3 |  4- 6 || total
-------------------------+-------+-------++-------
Melee: Whip              |    19 |       ||    19
       Mace              |    99 |   141 ||   240
 Cast: Sandblast         |     3 |    10 ||    13
 Stab: Sleeping          |     4 |       ||     4
  Eat: Ration            |       |     1 ||     1
Armor: Robe              |    42 |    61 ||   103
Dodge: Dodged            |    76 |   132 ||   208

Table legend:
 A = Non-vault XP
 B = Vault XP
 C = Vault XP percentage of total XP
 D = Non-vault monster count
 E = Vault monster count
 F = Vault count percentage of total count
                 A         B        C        D         E       F
            +---------+---------+-------+---------+---------+-------
      Total |     286 |      72 |  20.1 |      55 |      12 |  17.9
            +---------+---------+-------+---------+---------+-------
        D:1 |      29 |       0 |   0.0 |      21 |       0 |   0.0
        D:2 |     205 |      72 |  26.0 |      24 |      12 |  33.3
        D:3 |      12 |       0 |   0.0 |       8 |       0 |   0.0
        D:4 |      40 |       0 |   0.0 |       2 |       0 |   0.0
            +---------+---------+-------+---------+---------+-------
